 Dungeon Crawl Stone Soup version 0.21-a0-536-gdbbf329 (webtiles) character file.

74 tidbits the Digger (level 4, 0/48 HPs)
             Began as a Gnoll Earth Elementalist on Dec 15, 2017.
             Slain by a goblin
             ... wielding a +0 club
             ... led by Robin
              (3 damage)
             ... on level 3 of the Dungeon.
             The game lasted 00:05:44 (458 turns).

tidbits the Digger (Gnoll Earth Elementalist)        Turns: 458, Time: 00:05:44

Health: 0/48       AC: 22    Str: 10    XL:     4   Next: 30%
Magic:  11/11      EV:  2    Int: 18    God:
Gold:   82         SH:  0    Dex: 16    Spells: 10/13 levels left

rFire    . . .     SeeInvis .     - Unarmed
rCold    . . .     Gourm    .   (no shield)
rNeg     + + +     Faith    .   (armour currently unavailable)
rPois    +         Spirit   .   (helmet currently unavailable)
rElec    .         Reflect  .   (cloak currently unavailable)
rCorr    .         Harm     .   (gloves currently unavailable)
MR       .....     NoTele   +   (boots currently unavailable)
Stlth    ++++......             (no amulet)
HPRegen  0.16/turn              q - ring of stealth
MPRegen  0.12/turn              (no ring)

@: tree-form
A: distributed training, strong nose
a: no special abilities


You were on level 3 of the Dungeon.
You were not hungry.
You were a tree.
You visited 1 branch of the dungeon, and saw 3 of its levels.

You collected 82 gold pieces.

Inventory:

Hand Weapons
 f - a +0 dagger
 m - a cursed -2 dagger
 s - a +0 short sword
 t - a cursed -3 hunting sling
Missiles
 a - 41 arrows
 b - 57 stones (quivered)
 g - 2 tomahawks
 l - 7 silver javelins
 u - 30 sling bullets
Armour
 c - a +0 robe (melded)
Jewellery
 q - a ring of stealth (left branch)
   (You found it on level 2 of the Dungeon)
Scrolls
 h - a scroll of fear {unknown}
 i - a scroll of remove curse {unknown}
 j - 2 scrolls of noise {unknown}
 k - 2 scrolls of magic mapping {unknown}
 n - 3 scrolls of enchant weapon {unknown}
 p - a scroll of blinking {unknown}
 r - 2 scrolls of identify {unknown}
 v - 3 scrolls of teleportation {unknown}
Books
 e - a book of Geomancy

   Spells                             Type                      Level
   a - Sandblast                      Earth                        1
   b - Passwall                       Transmutation/Earth          2
   c - Stone Arrow                    Conjuration/Earth            3
   d - Petrify                        Transmutation/Earth          4
   e - Lee's Rapid Deconstruction     Earth                        5
Comestibles
 d - 2 bread rations


   Skills:
 + Level 1.0 Fighting
 + Level 1.0 Short Blades
 + Level 1.0 Long Blades
 + Level 1.0 Axes
 + Level 1.0 Maces & Flails
 + Level 1.0 Polearms
 + Level 1.0 Staves
 + Level 1.0 Slings
 + Level 1.0 Bows
 + Level 1.0 Crossbows
 + Level 1.0 Throwing
 + Level 1.0 Armour
 + Level 4.6 Dodging
 + Level 4.2 Stealth
 + Level 1.0 Shields
 + Level 1.0 Unarmed Combat
 + Level 5.0 Spellcasting
 + Level 0.8 Conjurations
 + Level 0.8 Hexes
 + Level 0.8 Charms
 + Level 0.8 Summonings
 + Level 0.8 Necromancy
 + Level 0.8 Translocations
 + Level 2.2 Transmutations
 + Level 0.8 Fire Magic
 + Level 0.8 Ice Magic
 + Level 0.8 Air Magic
 + Level 5.4 Earth Magic
 + Level 0.8 Poison Magic
 + Level 1.1 Invocations
 + Level 1.0 Evocations


You had 10 spell levels left.
You knew the following spells:

 Your Spells              Type           Power        Failure   Level  Hunger
a - Sandblast             Erth           ###...       1%          1    None
w - Passwall              Tmut/Erth      ###.......   4%          2    #......


Dungeon Overview and Level Annotations

Branches:
Dungeon (3/15)

Altars:


Innate Abilities, Weirdness & Mutations

Your experience applies equally to all skills.
((You have very sharp teeth.))
Your uncanny sense of smell can sniff out nearby items.


Message History

Casting: Passwall
Confirm with . or Enter, or press ? or * to list all spells.
You don't know that spell.
Are you sure you want to abandon this character and quit the game? (Confirm with "yes".)
Okay, then.
You aren't carrying any items that you can evoke.
Unknown command.
It was a potion of lignification.
You turn into a tree.
Your +0 robe melds into your body.
Your roots penetrate the ground.
The goblin hits you but does no damage. x2; The hobgoblin hits you.
* * * LOW HITPOINT WARNING * * *
The hobgoblin barely misses you.
Robin roars a battlecry!
The goblin goes into a battle-frenzy!
The goblin hits you but does no damage.
Are you sure you want to abandon this character and quit the game? (Confirm with "yes".)
Okay, then.
Casting: Passwall
Confirm with . or Enter, or press ? or * to list all spells.
You don't know that spell.
Wield which item (- for none, * to show all)? (? for menu, Esc to quit)
You are now empty-handed.
The goblin hits you but does no damage. x2
You hit the hobgoblin.
You kill the hobgoblin!
The hobgoblin hits you but does no damage.
The goblin hits you but does no damage. The goblin hits you with a dagger.
* * * LOW HITPOINT WARNING * * *
The goblin hits you but does no damage.
You barely miss the goblin. The hobgoblin hits you.
* * * LOW HITPOINT WARNING * * *
The goblin hits you but does no damage. x3
You smack the goblin!
You kill the goblin!
The goblin hits you.
* * * LOW HITPOINT WARNING * * *
The hobgoblin hits you but does no damage.
The goblin hits you but does no damage.
You smack the hobgoblin!
You kill the hobgoblin!
You have reached level 4!
You feel agile.
The goblin hits you but does no damage. x3
You barely miss the goblin.
The goblin is moderately wounded.
The goblin hits you but does no damage. x3
You hit the goblin.
You kill the goblin!
The goblin hits you but does no damage. x2
You completely miss the goblin.
The goblin no longer looks unusually strong.
The goblin hits you but does no damage. x2; Robin zaps a wand.
Some rock shatters into small pieces.
The kobold hits you but does no damage.
You smack the goblin!
You kill the goblin!
The kobold hits you but does no damage.
You hit the hobgoblin.
You kill the hobgoblin!
The rat bites you but does no damage. The goblin hits you but does no damage.
The kobold hits you but does no damage. The goblin hits you but does no damage.
You barely miss Robin. The rat bites you but does no damage.
Robin roars a battlecry!
The goblin goes into a battle-frenzy!
The goblin hits you but does no damage. The kobold hits you but does no damage.
The goblin completely misses you.
You smack Robin!
Robin is severely wounded.
The rat bites you but does no damage. Robin throws the goblin at you!
The kobold barely misses you. The goblin hits you but does no damage.
The goblin unwields an uncursed club.
The goblin wields a hunting sling.
The goblin shoots a stone.
The stone hits you but does no damage. The goblin hits you but does no damage.
You smack Robin!
You kill Robin!
The rat bites you but does no damage. The kobold hits you but does no damage.
The goblin hits you but does no damage.
You are too injured to fight recklessly!
You are too injured to fight recklessly!
Unknown command.
You hit the goblin.
You kill the goblin!
The goblin no longer looks unusually strong.
The goblin hits you but does no damage.
The goblin shoots a stone.
The stone hits you but does no damage. The rat bites you but does no damage.
The kobold hits you but does no damage. The goblin hits you but does no damage.
You barely miss the rat. The goblin hits you but does no damage.
The rat bites you.
* * * LOW HITPOINT WARNING * * *
The goblin shoots a stone.
The stone hits you but does no damage. The kobold hits you but does no damage.
You hit the rat.
You kill the rat!
The goblin no longer looks unusually strong.
The goblin hits you but does no damage. x2
The kobold hits you but does no damage.
You smack the goblin!
You kill the goblin!
The goblin unwields an uncursed hunting sling.
The goblin wields an uncursed club.
The goblin hits you but does no damage. The goblin hits you with a club.
You die...

#......# ######.#
#...# #.# .....# #
#.# ...... .# #<#
......##### .#
#.#........... ..
#.##.......#.#.#
..###.....K#).##.#..
..........g♣†(......
#####.####.g)######.#
...........#
#.##.#..###.# #
..#.#....# #
##.#.#..###.####. .
#.#...........
####.#############.
...................


You could see 2 goblins and a kobold.

Vanquished Creatures
  Natasha (D:2)
  Robin (D:3)
  A giant cockroach (D:1)
  10 goblins
  7 hobgoblins
  3 jackals (D:3)
  4 bats
  3 frilled lizards
  6 kobolds
  2 rats
38 creatures vanquished.

Notes
Turn   | Place    | Note
-------+----------+-------------------------------------------
     0 | D:1      | tidbits the Gnoll Earth Elementalist began the quest for the Orb.
     0 | D:1      | Reached XP level 1. HP: 13/13 MP: 6/6
    71 | D:1      | Reached skill level 2 in Transmutations
   118 | D:1      | Reached XP level 2. HP: 15/19 MP: 4/7
   122 | D:1      | Learned a level 2 spell: Passwall
   367 | D:2      | Noticed Natasha
   374 | D:2      | Killed Natasha
   374 | D:2      | Reached skill level 5 in Spellcasting
   374 | D:2      | Reached skill level 1 in Invocations
   374 | D:2      | Reached XP level 3. HP: 23/25 MP: 5/9
   429 | D:3      | Noticed Robin
   436 | D:3      | Reached skill level 1 in Fighting
   436 | D:3      | Reached skill level 1 in Short Blades
   436 | D:3      | Reached skill level 1 in Long Blades
   436 | D:3      | Reached skill level 1 in Axes
   436 | D:3      | Reached skill level 1 in Maces & Flails
   436 | D:3      | Reached skill level 1 in Polearms
   436 | D:3      | Reached skill level 1 in Staves
   436 | D:3      | Reached skill level 1 in Slings
   436 | D:3      | Reached skill level 1 in Bows
   436 | D:3      | Reached skill level 1 in Crossbows
   436 | D:3      | Reached skill level 1 in Throwing
   436 | D:3      | Reached skill level 1 in Armour
   436 | D:3      | Reached skill level 1 in Shields
   436 | D:3      | Reached skill level 1 in Unarmed Combat
   436 | D:3      | Reached skill level 1 in Evocations
   445 | D:3      | HP: 2/39 [goblin[Robin] (3)]
   446 | D:3      | Reached XP level 4. HP: 2/32 MP: 11/11
   454 | D:3      | Killed Robin
   456 | D:3      | HP: 3/48 [rat (1)]
   458 | D:3      | Slain by a goblin

Vault maps used:
D:1:      dpeg_arrival_court
D:2:      cheibriados_altar_1, first_bread, uniq_natasha
D:3:      roderic_lattice_a, minivault_11, uniq_robin

Skill      XL: |  1  2  3 |
---------------+----------+-----
Transmutations | 2 |  2.2
Spellcasting   | 5 |  5.0
Invocations    | 1 |  1.1
Fighting       | 1 |  1.0
Short Blades   | 1 |  1.0
Long Blades    | 1 |  1.0
Axes           | 1 |  1.0
Maces & Flails | 1 |  1.0
Polearms       | 1 |  1.0
Staves         | 1 |  1.0
Slings         | 1 |  1.0
Bows           | 1 |  1.0
Crossbows      | 1 |  1.0
Throwing       | 1 |  1.0
Armour         | 1 |  1.0
Shields        | 1 |  1.0
Unarmed Combat | 1 |  1.0
Evocations     | 1 |  1.0
Dodging        | |  4.6
Stealth        | |  4.2
Conjurations   | |  0.8
Hexes          | |  0.8
Charms         | |  0.8
Summonings     | |  0.8
Necromancy     | |  0.8
Translocations | |  0.8
Fire Magic     | |  0.8
Ice Magic      | |  0.8
Air Magic      | |  0.8
Earth Magic    | |  5.4
Poison Magic   | |  0.8

Action                   |  1- 3 |  4- 6 || total
-------------------------+-------+-------++-------
Melee: Dagger            |    22 |       ||    22
       Bite              |     3 |       ||     3
       Unarmed           |     4 |    12 ||    16
 Cast: Sandblast         |    26 |       ||    26
       Passwall          |     2 |       ||     2
  Use: Potion            |     2 |       ||     2
 Stab: Sleeping          |     2 |       ||     2
Armor: Robe              |     2 |       ||     2
       Skin              |    10 |    35 ||    45
Dodge: Dodged            |    34 |     2 ||    36

Table legend:
 A = Spawn XP
 B = Non-spawn XP
 C = Spawn XP percentage of total XP
 D = Spawn monster count
 E = Non-spawn monster count
 F = Spawn count percentage of total count
 G = Total turns spent on level
                    A         B        C        D         E        F      G
               +---------+---------+-------+---------+---------+-------+---------
         Total |       0 |     107 |   0.0 |       0 |      38 |   0.0 |   458
               +---------+---------+-------+---------+---------+-------+---------
           D:1 |       0 |      15 |   0.0 |       0 |      10 |   0.0 |   162
           D:2 |       0 |      45 |   0.0 |       0 |       8 |   0.0 |   180
           D:3 |       0 |      47 |   0.0 |       0 |      20 |   0.0 |   116
               +---------+---------+-------+---------+---------+-------+---------

Table legend:
 A = Turns spent in this place as a percentage of turns spent in the entire game.
 B = Non-inter-level travel turns spent in this place as a percentage of non-inter-level travel turns spent in the entire game.
 C = Inter-level travel turns spent in this place as a percentage of turns spent in this place.
 D = Turns resting spent in this place as a percentage of non-inter-level travel turns spent in this place.
 E = Turns spent auto-exploring this place as a percentage of non-inter-level travel turns spent in this place.
 F = Non-inter-level travel turns spent in this place divided by the number of levels of this place that you've seen.
                   A       B       C       D       E      F
               +-------+-------+-------+-------+-------+----------------------
         Total | 100.0 | 100.0 |   2.6 |   0.0 |   0.0 | 148.7
       Dungeon | 100.0 | 100.0 |   2.6 |   0.0 |   0.0 | 148.7
               +-------+-------+-------+-------+-------+----------------------

Table legend:
 A = Kills in this place as a percentage of kills in entire the game.
 B = Kills by you in this place as a percentage of kills by you in the entire game.
 C = Kills by friends in this place as a percentage of kills by friends in the entire game.
 D = Other kills in this place as a percentage of other kills in the entire game.
 E = Experience gained in this place as a percentage of experience gained in the entire game.
 F = Experience gained in this place divided by the number of levels of this place that you have seen.
                   A       B       C       D       E      F
               +-------+-------+-------+-------+-------+----------------------
         Total | 100.0 | 100.0 |   N/A |   N/A | 100.0 |  35.7
       Dungeon | 100.0 | 100.0 |   N/A |   N/A | 100.0 |  35.7
               +-------+-------+-------+-------+-------+----------------------

Vault maps used:
D:1:      dpeg_arrival_court
D:2:      cheibriados_altar_1, first_bread, uniq_natasha
D:3:      roderic_lattice_a, minivault_11, uniq_robin
